Cogmind - Beta 14 @@@ ROGUE MODE // 2024.11.27 @ 15:46:25 Player: skye Result: Destroyed by YI-UF0 with YI-UF0's Doublenader Performance ------------- Evolutions (0) 0 Regions Visited (4) 800 Robots Destroyed (17) 85 Value Destroyed (513) 513 Prototype IDs (25) 500 Alien Tech Used (0) 0 Bonus (300) 300 TOTAL SCORE: 2198 Bonus ------- Aligned with FarCom 300 Cogmind --------- Core Integrity 0/250 Matter 300/300 Energy 125/125 System Corruption 2% Temperature Cool (0) Movement Walking (120) Location -9/Mines Parts ------- > --- POWER (1) -------- Light Ion Engine > --- PROPULSION (2) --- Aluminum Leg Aluminum Leg > --- UTILITY (2) ------ Heat Sink Medium Storage Unit > --- WEAPON (2) ------- Heavy Assault Rifle Mining Claw (fused) > --- INVENTORY (10) --- Aluminum Leg Compact Wheel Large Matter Pod (150) Improved Terrain Scanner Light Armor Plating Tractor Beam AWS/Gauss Grenade Launcher Grenade Launcher Peak State ------------ > --- POWER ------------ Light Nuclear Core > --- PROPULSION ------- Aluminum Leg Aluminum Leg > --- UTILITY ---------- Small Storage Unit Improved Terrain Scanner > --- WEAPON ----------- Particle Gun Assault Rifle > --- INVENTORY -------- Light Ion Engine Light Treads Light Treads Wheel Wheel Grenade Launcher Mining Laser Mining Claw [Rating: 12] Favorites ----------- Power Light Ion Engine Engine Light Ion Engine Power Core Light Nuclear Core Propulsion Aluminum Leg Leg Aluminum Leg Utility Heat Sink Device Heat Sink Storage Medium Storage Unit Weapon Mining Claw Energy Gun Particle Gun Energy Cannon Beam Cannon Ballistic Gun Heavy Assault Rifle Launcher Grenade Launcher Special Weapon Mining Laser Slashing Weapon Mining Claw Build | -11 -10 -10 -10 -9 ------- Run | Yrd Mat Min Exi Min Slots Evolved . | . . . . . Power . | . . . . . Propulsion . | . . . . . Utility . | . . . . . Weapon . | . . . . . Parts Attached 33 | 8 18 7 . . Power 5 | 2 2 1 . . Engine 4 | 2 1 1 . . Core 1 | . 1 . . . Reactor . | . . . . . Propulsion 10 | 2 6 2 . . Treads . | . . . . . Leg 10 | 2 6 2 . . Wheel . | . . . . . Hover . | . . . . . Flight . | . . . . . Utility 4 | 2 2 . . . Device 2 | 1 1 . . . Storage 2 | 1 1 . . . Processor . | . . . . . Hackware . | . . . . . Protection . | . . . . . Artifact . | . . . . . Weapon 14 | 2 8 4 . . Energy Gun 4 | 1 2 1 . . Energy Cannon 2 | . 2 . . . Ballistic Gun 3 | 1 1 1 . . Ballistic Cannon . | . . . . . Launcher 2 | . 1 1 . . Special Weapon 1 | . 1 . . . Impact Weapon . | . . . . . Slashing Weapon 2 | . 1 1 . . Piercing Weapon . | . . . . . Special Melee Weapon . | . . . . . Unidentified Prototypes . | . . . . . Parts Lost 7 | . 2 5 . . Power 1 | . . 1 . . Propulsion 2 | . . 2 . . Utility . | . . . . . Weapon 4 | . 2 2 . . Highest Loss Streak 5 | . 2 5 . . To Critical Strikes . | . . . . . Average Slot Usage (%) 98 | . 98 97 100 100 Engine 10 | . 7 11 14 14 Core 2 | . 6 . . . Leg 28 | . 28 28 28 28 Device 14 | . 14 14 14 14 Storage 14 | . 14 14 14 14 Energy Gun 5 | . 10 1 . . Energy Cannon 3 | . 2 11 . . Ballistic Gun 9 | . 10 2 14 14 Slashing Weapon 7 | . 1 11 14 14 Peak Build Rating 12 | 9 12 9 10 10 Average Rating 9 | 5 9 8 9 10 On Entrance 7 | . 9 8 9 10 Naked Turns . | . . . . . Heaviest Build 20 | 14 19 20 19 19 Greatest Support 20 | 20 20 20 20 20 Greatest Overweight (x) 1 | 1 1 . . . Average Overweight (x) . | . . . . . Largest Inventory Capacity 10 | 8 10 10 10 10 Average Capacity 9 | 7 8 10 10 10 Most Carried 10 | 8 10 10 10 10 Average Carried 8 | 4 8 9 9 10 Final Capacity 10 | 8 10 10 10 10 Final Carried 10 | 7 10 9 10 10 Class Distribution -------------------- 74% | Scavenger-Mutant 25% | Mutant Dominant Class ---------------- Scavenger-Mutant | -10/Materials Scavenger-Mutant | -10/Mines Scavenger-Mutant | -10/Exiles Scavenger-Mutant | -9/Mines Resources | -11 -10 -10 -10 -9 ----------- Run | Yrd Mat Min Exi Min Matter Collected 824 | 243 384 107 90 . Remotely . | . . . . . Salvage Created 582 | 63 433 86 . . Parts 37 | 9 21 7 . . Haulers Intercepted 1 | . 1 . . . Recyclers Shooed 2 | . 2 . . . Parts Field Recycled . | . . . . . Retrieved Matter . | . . . . . Parts Self-Destructed . | . . . . . Prevented . | . . . . . Kills | -11 -10 -10 -10 -9 ------- Run | Yrd Mat Min Exi Min Combat Hostiles Destroyed 13 | . 11 2 . . Guns 7 | . 7 . . . Cannons 2 | . 1 1 . . AOE 4 | . 3 1 . . Classes Destroyed 4 | 1 2 1 . . Tunneler 3 | 3 . . . . Hauler 1 | . 1 . . . Grunt 11 | . 11 . . . Sentry 2 | . . 2 . . Best Kill Streak 4 | 3 4 2 . . Combat Bots Only 4 | . 4 2 . . Max Kills in Single Turn 2 | 2 2 1 . . Gunslinging . | . . . . . Exploded 2 | . 2 1 . . Melee . | . . . . . Uniques/NPCs Destroyed . | . . . . . Combat | -11 -10 -10 -10 -9 -------- Run | Yrd Mat Min Exi Min Hostile Shots Fired 106 | . 68 30 . 8 Missed 35 | . 24 9 . 2 Damage Taken 1171 | . 529 509 . 133 Core 264 | . 101 86 . 77 Absorbed by Shields . | . . . . . Core Remaining (%) 100 | 100 . . . . Volleys Fired 64 | 6 46 12 . . Largest 2 | 2 2 2 . . Hottest 125 | 70 100 125 . . Shots Fired 103 | 10 71 22 . . Gun 80 | 10 60 10 . . Cannon 15 | . 5 10 . . Launcher 5 | . 3 2 . . Special 3 | . 3 . . . Kinetic 42 | 6 36 . . . Thermal 56 | 4 32 20 . . Explosive 5 | . 3 2 . . Electromagnetic . | . . . . . Robot Hit Streak 5 | 4 5 3 . . Robot Miss Streak 4 | 1 4 4 . . Penetration Max . | . . . . . Secondary Targets 1 | . 1 . . . Max Gunslinging Chain 1 | . 1 . . . Shots Hit Robots 57 | 7 37 13 . . Core Hits 35 | 4 25 6 . . Critical Kills . | . . . . . Critical Parts Destroyed . | . . . . . Critical Strikes 1 | . 1 . . . Burn 1 | . 1 . . . Melee Attacks 4 | . 4 . . . Impact . | . . . . . Slashing 4 | . 4 . . . Piercing . | . . . . . Sneak Attacks 1 | . 1 . . . Combat Hostiles . | . . . . . Follow-up Attacks . | . . . . . Damage Inflicted 1071 | 86 768 217 . . Guns 628 | 86 469 73 . . Cannons 142 | . 36 106 . . Explosions 301 | . 263 38 . . Melee . | . . . . . Ramming . | . . . . . Kinetic 322 | 36 286 . . . Thermal 448 | 50 219 179 . . Explosive 301 | . 263 38 . . Electromagnetic . | . . . . . Impact . | . . . . . Slashing . | . . . . . Piercing . | . . . . . Highest Corruption 2 | . 2 2 2 2 Average Corruption 2 | . 2 2 2 2 Corruption Purged . | . . . . . Corruption Blocked . | . . . . . Effects 21 | . 13 4 4 . Message Errors 4 | . 2 1 1 . Matter Fused 2 | . . 1 1 . Heat Flow Errors 6 | . 5 . 1 . Energy Discharges 2 | . 1 1 . . Parts Rejected 1 | . 1 . . . Parts Fused 1 | . . . 1 . Data Loss (minor) 2 | . 2 . . . Misfires 1 | . 1 . . . Alerts 2 | . 1 1 . . Overload Shots . | . . . . . Overflow Damage . | . . . . . Projectiles . | . . . . . Explosions . | . . . . . Melee . | . . . . . Knockbacks . | . . . . . Impact . | . . . . . Kinetic . | . . . . . Secondary . | . . . . . Self-Inflicted Damage . | . . . . . Shots . | . . . . . Rammed . | . . . . . Targets Rammed . | . . . . . Kicked . | . . . . . Crushed . | . . . . . Highest Temperature 369 | 40 369 172 121 . Average Temperature 117 | 20 136 81 64 . Received Heat Transfer 369 | . 306 63 . . Effects 2 | . 2 . . . Interference 1 | . 1 . . . Short Circuit 1 | . 1 . . . Siege Activations . | . . . . . Robots Corrupted . | . . . . . Combat Hostiles . | . . . . . Parts Fried . | . . . . . Impact Corruptions . | . . . . . Robots Melted . | . . . . . Combat Hostiles . | . . . . . Parts Melted 1 | . 1 . . . Heat Transferred 1184 | 148 629 407 . . Parts Sabotaged . | . . . . . Parts Stolen . | . . . . . Parts Stripped . | . . . . . Power Chain Reactions . | . . . . . Alert | -11 -10 -10 -10 -9 ------- Run | Yrd Mat Min Exi Min Peak Influence 237 | 15 237 71 . . Initial 39 | . 9 39 . . Average 57 | 5 78 41 . . Maximum Alert Level 1 | . 1 . . . Low Security (%) 91 | 100 85 100 . 100 Level 1 8 | . 14 . . . Level 2 . | . . . . . Level 3 . | . . . . . Level 4 . | . . . . . Level 5 . | . . . . . High Security . | . . . . . Max Security . | . . . . . Squads Dispatched 3 | . 3 . . . Investigation 2 | . 2 . . . Extermination . | . . . . . Reinforcement 1 | . 1 . . . Assault . | . . . . . Garrison . | . . . . . Intercept . | . . . . . Searches Triggered . | . . . . . Construction Impeded . | . . . . . Haulers Reinforced . | . . . . . Active Scanning Responses . | . . . . . Cargo Convoy Interrupts . | . . . . . Stealth | -11 -10 -10 -10 -9 --------- Run | Yrd Mat Min Exi Min Distress Signals . | . . . . . Communications Jammed . | . . . . . Distress Signals . | . . . . . Times Spotted 22 | . 17 4 . 1 Peak Tracking Total 4 | . 4 3 . 1 Tactical Retreats 2 | . 1 1 . . Traps | -11 -10 -10 -10 -9 ------- Run | Yrd Mat Min Exi Min Traps Triggered 2 | . 2 . . . Indirectly . | . . . . . Trap Hack Attempts . | . . . . . Triggered . | . . . . . Disarmed . | . . . . . Reprogrammed . | . . . . . Reused . | . . . . . Traps Extracted . | . . . . . Installed . | . . . . . Triggered . | . . . . . Machines | -11 -10 -10 -10 -9 ---------- Run | Yrd Mat Min Exi Min Machines Disabled 3 | . 1 2 . . Max in Single Turn 1 | . 1 1 . . Machines Repaired . | . . . . . Machines Dismantled . | . . . . . Machines Sabotaged . | . . . . . Overloaded Fab Kills . | . . . . . Hacking | -11 -10 -10 -10 -9 --------- Run | Yrd Mat Min Exi Min Machines Accessed 8 | . 7 . 1 . Terminals 6 | . 6 . . . Fabricators . | . . . . . Repair Stations 1 | . 1 . . . Recycling Units . | . . . . . Scanalyzers . | . . . . . Garrison Access . | . . . . . Total Hacks 24 | . 23 . 1 . Successful 12 | . 11 . 1 . Failed 12 | . 12 . . . Catastrophic . | . . . . . Database Lockouts . | . . . . . Manual 18 | . 17 . 1 . Terminals 21 | . 21 . . . Fabricators . | . . . . . Repair Stations 2 | . 2 . . . Recycling Units . | . . . . . Scanalyzers . | . . . . . Garrison Access . | . . . . . Terminal Hacks 6 | . 5 . 1 . Prototype ID Bank 1 | . 1 . . . Alert Level 1 | . 1 . . . Unreport Threat 1 | . 1 . . . Dispatch Records 1 | . 1 . . . Recall Reinforcements 1 | . 1 . . . Derelict Proto ID Bank 1 | . . . 1 . Fabricator Hacks . | . . . . . Repair Station Hacks 1 | . 1 . . . Scan Component 1 | . 1 . . . Recycling Unit Hacks . | . . . . . Scanalyzer . | . . . . . Garrison Access Hacks . | . . . . . Unauthorized Hacks 5 | . 5 . . . Terminals 5 | . 5 . . . Botnet 5 | . 5 . . . Fabricators . | . . . . . Repair Stations . | . . . . . Recycling Units . | . . . . . Scanalyzers . | . . . . . Garrison Access . | . . . . . Data Cores Recovered . | . . . . . Used . | . . . . . Hacking Detections 7 | . 7 . . . Full Trace Events 1 | . 1 . . . Feedback Events . | . . . . . Feedback Blocked . | . . . . . Robot Schematics Acquired . | . . . . . Robots Built . | . . . . . Authchips . | . . . . . Time . | . . . . . Total Robot Build Rating . | . . . . . Part Schematics Acquired . | . . . . . Parts Built . | . . . . . Authchips . | . . . . . Time . | . . . . . Total Part Build Rating . | . . . . . Parts Repaired . | . . . . . Time . | . . . . . Parts Recycled . | . . . . . Recycled Matter . | . . . . . Retrieved Matter . | . . . . . Retrieved Components . | . . . . . Parts Scanalyzed . | . . . . . Part Schematics Acquired . | . . . . . Parts Damaged . | . . . . . Bothacking | -11 -10 -10 -10 -9 ------------ Run | Yrd Mat Min Exi Min Used RIF Installer . | . . . . . Robots Hacked . | . . . . . Non-combat . | . . . . . Combat . | . . . . . Robot Hacks Applied . | . . . . . Relay Couplers Released . | . . . . . Fabnet Peak Effective % . | . . . . . Robots Rewired . | . . . . . Allies Hacked . | . . . . . Hacks Repelled . | . . . . . Allies | -11 -10 -10 -10 -9 -------- Run | Yrd Mat Min Exi Min Total Allies . | . . . . . Largest Group . | . . . . . Highest-Rated Group . | . . . . . Highest-Rated Ally . | . . . . . Total Orders . | . . . . . Ally Attacks . | . . . . . Total Damage . | . . . . . Kills . | . . . . . Allies Corrupted . | . . . . . Allies Melted . | . . . . . Intel | -11 -10 -10 -10 -9 ------- Run | Yrd Mat Min Exi Min Robot Analysis Total . | . . . . . Derelict Logs Recovered . | . . . . . Drone Launches . | . . . . . Drone Recoveries . | . . . . . Exploration | -11 -10 -10 -10 -9 ------------- Run | Yrd Mat Min Exi Min Turns Passed 1979 | 116 861 412 500 90 Spaces Moved 1378 | 56 546 287 416 73 Core 8 | 8 . . . . Treads . | . . . . . Legs 1370 | 48 546 287 416 73 Wheels . | . . . . . Hover . | . . . . . Flight . | . . . . . Fastest Speed 50 | 50 120 120 120 120 Average Speed 122 | 149 122 120 120 120 Slowest Speed 190 | 190 190 120 120 120 Overloaded Moves . | . . . . . Propulsion Burnouts . | . . . . . Robots Hopped . | . . . . . Cave-ins Triggered . | . . . . . Exploration Rate (%) 48 | 5 70 54 78 36 Regions Visited 4 Branch Regions 3 Pre-discovered Areas . | . . . . . Known Exits Taken . | . . . . . Unknown Exits Taken 4 | 1 1 1 1 . Scrap Searched 1 | . . 1 . . Spaces Dug 4 | . 4 . . . Terrain Destroyed 45 | . 35 10 . . Melee 2 | . 2 . . . Projectile 2 | . 2 . . . AOE 41 | . 31 10 . . Terrain Rammed . | . . . . . Walls Destroyed . | . . . . . Machines Disabled . | . . . . . Actions | -11 -10 -10 -10 -9 --------- Run | Yrd Mat Min Exi Min Total 1558 | 76 655 331 419 77 Wait 37 | . 14 21 . 2 Move 1374 | 55 545 286 415 73 Hop . | . . . . . Pick Up 27 | 7 13 4 2 1 Fast Attach 9 | 6 2 1 . . Attach 7 | 1 2 4 . . Detach . | . . . . . Swap 17 | 1 14 2 . . Drop 19 | . 15 1 2 1 Fire 64 | 6 46 12 . . Melee 4 | . 4 . . . Ram . | . . . . . Kick . | . . . . . Crush . | . . . . . Escape Stasis . | . . . . . Rewire . | . . . . . Trap . | . . . . . Miscellaneous . | . . . . . Route ------- -11/Scrapyard -10/Materials (discovered 3 exits: [*Mat x2] / [*Min]) -10/Mines (discovered 3 exits: [*Mat x2] / *Exi) -10/Exiles (discovered 2 exits: [*Min x2]) -9/Mines History --------- Turn | Location | Event 2 | -11/Scrapyard | Met Revision 17 33 | -11/Scrapyard | Discovered new exit (range 15) 117 | -11/Scrapyard | Entered Materials 308 | -10/Materials | Build established: Mutant 333 | -10/Materials | Discovered new exit (range 15) 519 | -10/Materials | Discovered new exit (range 4) 776 | -10/Materials | Discovered new exit (range 16) 815 | -10/Materials | Build established: Scavenger-Mutant 978 | -10/Materials | Entered Mines 979 | -10/Mines | Assembled infested the area 984 | -10/Mines | Assisted by a Guerilla fighting off Assembled 1029 | -10/Mines | Discovered new exit (range 5) 1057 | -10/Mines | Discovered new exit (range 13) 1263 | -10/Mines | Core integrity fell below 50% 1342 | -10/Mines | Lost 5 parts (1p2n2w) 1385 | -10/Mines | Deemed a non-threat by the Exiles lab entrance 1385 | -10/Mines | Discovered new exit (range 5) 1390 | -10/Mines | Entered Exiles 1408 | -10/Exiles | Discovered new exit (range 15) 1430 | -10/Exiles | Met 8R-AWN 1452 | -10/Exiles | Met EX-HEX 1488 | -10/Exiles | Met EX-BIN 1504 | -10/Exiles | Aligned with FarCom system 1506 | -10/Exiles | Given EX-Vault access code 1536 | -10/Exiles | Opened EX-Vault 1542 | -10/Exiles | Found AWS/Gauss 1565 | -10/Exiles | Warned to stay clear of 0b10 Research branches 1675 | -10/Exiles | Met EX-DEC 1734 | -10/Exiles | Visited The Gauntlet 1878 | -10/Exiles | Discovered new exit (range 12) 1890 | -10/Exiles | Left Exiles lab with AWS/Gauss 1890 | -10/Exiles | Entered Mines 1897 | -9/Mines | YI-UF0 nonchalantly dropped a Grenade Launcher on the ground 1968 | -9/Mines | Core integrity fell below 20% 1980 | -9/Mines | Destroyed by YI-UF0 with YI-UF0's Doublenader Last Messages --------------- 01844_ Extracted 45 matter. 01846_ Dropped Med. Matter Pod. 01846_ Acquired Lrg. Matter Pod. 01846_ Extracted 45 matter. 01878_ EXIT=FOUND LOCATION=UNKNOWN GOAL=ESCAPE 01890_ Receiving FarCom transmissions... 01891_ A crazy derelict wanders into view. 01897_ YI-UF0 nonchalantly drops a Grenade Launcher on the ground. 01901_ Dropped Grenade Launcher. 01901_ Acquired Grenade Launcher. 01941_ YI-UF0 mumbles something. 01957_ YI-UF0: "Whaaaaaaaa!" 01958_ YI-UF0: "BOOM!" 01965_ T-07 Excavator destroyed. 01969_ YI-UF0 mumbles something. 01971_ The unstable cave ceiling collapses. 01974_ T-07 Excavator is excavating. Map ----- +----------------------------------------------------+ | ?????????????????????????????????# #####? | | ????????????????????????????????## #? | | ????????????????????????????????# ##### #? | | ????????????????????????????????# ##??### ## | | ???????????????????????????????## ##???# | | ??????????????????????????????## ##???# | | ?????????????????????????????## ##### #### | | ?????????????????????????????# ## | | ?????????????????????????????# # | | ???????????? ?????????????### ##### # # | | ???????????? ??????????### #???# ## | | ??????????? ?????????# #???# #?# | | ??????????? #???###### # ##### #??# | | ???????????# #?## ## g #??? | | ????????????# ## #######??? | | ????????????# #?????????? | | ?????????? ### #?????????? | | ????????? = #??????????? | | ?????????? ! #??????????? | | ?????????????## """ ##??????????? | | ????????????## """ # #??????????? | | ????????????# """ t ## ###??????????? | | ????????????# #####?##????????????? | | ????????????# t ##??????????????????? | | ????????????## #??????????????????? | | ?????????????## @ #??????????????????? | | ??????????????## #??????????????????? | | ???????????????# #??????????????????? | | ??????????????# #?????????????????? | | ???????????? #????????????????? | | ??????????# #????????????????? | | ??????????# t### ## ##????????????????? | | ??????????# ???# #?## ###?????????????????? | | ???????????????# ##???? ##???????????????????? | | ???????????????# ?????? #????????????????????? | | ???????????????# ??????? #????????????????????? | | ???????????????# ??????? #????????????????????? | | ???????????????????????? ##????????????????????? | | ????????????????????????#??????????????????????? | | ???????????????????????????????????????????????? | | ???????????????????????????????????????????????? | | ???????????????????????????????????????????????? | | ???????????????????????????????????????????????? | | ???????????????????????????????????????????????? | | ???????????????????????????????????????????????? | | | | | | | | | | | +----------------------------------------------------+ Best States ------------- Heat Dissipation 35 Energy Generation 14 Energy Capacity 250 Matter Stores 300 Matter Capacity 300 Sight Range 16 Terrain Scan Range 16 Terrain Scan Density 10 Evasion (%) 55 Item Schematics ----------------- None Robot Schematics ------------------ None Fabricated ------------ Nothing Alien Tech Used ----------------- None Achievements -------------- None Challenges ------------ None Game ------ Seed DirtyVoltaicPurifier Manual? 0 Play Time 00:15:16 Cumulative 77.9 hours Start 2024.11.27 @ 15:29:35 End 2024.11.27 @ 15:46:25 Sessions 1 Manual Loads 0 Difficulty Rogue Special Mode None Game No. 100 Rogue 56 Adventurer 44 Explorer 0 Win Type - Total 0 Types 0/0/0/0/0/0/0/0/0 Lore% 21 Gallery% 48 Achievement% 35 Wizard Run 0 Options --------- Layout 1 ASCII 0 Keyboard 1 Movement Vi Keybinds 0 Fullscreen 1 Font 24/Terminus Map View 50x40 Zoom Use 0% Tactical HUD 1 Map Filters NONE Filters NONE Steam 1 RUN: cf654f94-31d4-42cf-b956-eede778341be